TOP OF THE 1ST |
District 9 Prawns batting - Pitching for Albuquerque Isotopes : RHP César De La Cruz
|
Pitching: RHP César De La Cruz
|
|
Batting: RHB Enrique Aguilar
|
0-0: Fly out, F4 (Popup, 4D)
|
Batting: RHB Alfredo Cortéz
|
0-0: Called Strike 0-1: Foul Ball, location: 2F 0-2: Ball 1-2: Ball 2-2: DOUBLE (Line Drive, 9LM)
|
Batting: LHB Terry White
|
0-0: Ball 1-0: Ball 2-0: Ball 3-0: Called Strike 3-1: Foul Ball, location: 2F 3-2: Base on Balls
|
Batting: LHB Ryan Hensley
|
0-0: Called Strike 0-1: SINGLE (Line Drive, 3D) Alfredo Cortéz to third Terry White to second Runner from 3rd tries for Home, SAFE, throw made home
|
Batting: LHB José Flores
|
0-0: Called Strike 0-1: Ball 1-1: Ball 2-1: Swinging Strike 2-2: Ball 3-2: Base on Balls Terry White to third Ryan Hensley to second
|
Batting: RHB Jonah Duncan
|
0-0: Called Strike 0-1: Ball Wild Pitch! Terry White scores Ryan Hensley to third José Flores to second 1-1: Called Strike 1-2: Ball 2-2: Ball 3-2: Strikes out swinging
|
Batting: RHB Mal Snyder
|
0-0: Ball 1-0: Ball 2-0: Ball 3-0: Base on Balls
|
Batting: SHB Mark Pope
|
0-0: Foul Ball, location: 2F 0-1: Ground out 4-3 (Groundball, 4)
|
Top of the 1st over - 2 run(s), 2 hit(s), 0 error(s), 3 left on base; District 9 2 - Albuquerque 0 |
BOTTOM OF THE 1ST |
Albuquerque Isotopes batting - Pitching for District 9 Prawns : RHP Eric Love
|
Pitching: RHP Eric Love
|
|
Batting: LHB Domingo Cardona
|
0-0: Fly out, F8 (Flyball, 78XD)
|
Batting: SHB Lee Townsend
|
0-0: Ball 1-0: Called Strike 1-1: Ball 2-1: Ball 3-1: Base on Balls
|
Batting: RHB Edward Young
|
0-0: Ball 1-0: Ball 2-0: Foul Ball, location: 2F 2-1: Foul Ball, location: 2F 2-2: Fly out, F9 (Flyball, 9M)
|
Batting: LHB Juan Carlos Sánchez
|
0-0: Called Strike 0-1: SINGLE (Flyball, 8RS) Lee Townsend to second
|
Batting: LHB Mark Vestal
|
0-0: Ball 1-0: Foul Ball, location: 2F 1-1: Ball 2-1: Fly out, F8 (Flyball, 8LD)
|
Bottom of the 1st over - 0 run(s), 1 hit(s), 0 error(s), 2 left on base; District 9 2 - Albuquerque 0 |
TOP OF THE 2ND |
District 9 Prawns batting - Pitching for Albuquerque Isotopes : RHP César De La Cruz
|
Batting: RHB Phil Jacobs
|
0-0: Reached on error, E6 (Groundball, 6)
|
Batting: RHB Enrique Aguilar
|
0-0: Called Strike 0-1: Fly out, F4 (Popup, 34)
|
Batting: RHB Alfredo Cortéz
|
0-0: Ball 1-0: Fly out, F9 (Flyball, 9LMF)
|
Batting: LHB Terry White
|
0-0: Ground out 5-3 (Groundball, 56S)
|
Top of the 2nd over - 0 run(s), 0 hit(s), 1 error(s), 1 left on base; District 9 2 - Albuquerque 0 |
BOTTOM OF THE 2ND |
Albuquerque Isotopes batting - Pitching for District 9 Prawns : RHP Eric Love
|
Batting: RHB Juan Vareas
|
0-0: Called Strike 0-1: SINGLE (Line Drive, 34)
|
Batting: RHB Alfonso Huertas
|
0-0: Ball 1-0: Swinging Strike 1-1: Foul Ball, location: 2F 1-2: Strikes out swinging
|
Batting: SHB Tony McLaughlin
|
0-0: Ball 1-0: Foul Ball, location: 2F 1-1: Swinging Strike 1-2: Ball 2-2: Foul Ball, location: 2F 2-2: Ball 3-2: Base on Balls Juan Vareas to second
|
Batting: RHB Juan Barrera
|
0-0: SINGLE (Groundball, 4M) Juan Vareas to third Tony McLaughlin to second Runner from 3rd tries for Home, SAFE, no throw or cutoff
|
Batting: LHB Domingo Cardona
|
0-0: Foul Ball, location: 2F 0-1: Ball 1-1: Called Strike 1-2: Ball 2-2: Ball 3-2: Base on Balls Tony McLaughlin to third Juan Barrera to second
|
Batting: SHB Lee Townsend
|
0-0: Ball 1-0: Called Strike 1-1: Foul Ball, location: 2F 1-2: Ball 2-2: Strikes out swinging
|
Batting: RHB Edward Young
|
0-0: Called Strike 0-1: Called Strike 0-2: Ball 1-2: Fly out, F4 (Popup, 34D)
|
Bottom of the 2nd over - 1 run(s), 2 hit(s), 0 error(s), 3 left on base; District 9 2 - Albuquerque 1 |
TOP OF THE 3RD |
District 9 Prawns batting - Pitching for Albuquerque Isotopes : RHP César De La Cruz
|
Batting: LHB Ryan Hensley
|
0-0: Ground out 4-3 (Groundball, 4)
|
Batting: LHB José Flores
|
0-0: Ground out 4-3 (Groundball, 4)
|
Batting: RHB Jonah Duncan
|
0-0: Ball 1-0: Ground out 4-3 (Groundball, 4)
|
Top of the 3rd over - 0 run(s), 0 hit(s), 0 error(s), 0 left on base; District 9 2 - Albuquerque 1 |
BOTTOM OF THE 3RD |
Albuquerque Isotopes batting - Pitching for District 9 Prawns : RHP Eric Love
|
Batting: LHB Juan Carlos Sánchez
|
0-0: SINGLE (Groundball, 4M)
|
Batting: LHB Mark Vestal
|
0-0: Ball 1-0: Called Strike 1-1: Foul Ball, location: 2F 1-2: Foul Ball, location: 2F 1-2: DOUBLE (Flyball, 8RXD) Juan Carlos Sánchez to third
|
Batting: RHB Juan Vareas
|
0-0: Ball 1-0: Foul Ball, location: 2F 1-1: Ball 2-1: SINGLE (Groundball, 6M) Juan Carlos Sánchez scores Mark Vestal to third Runner from 3rd tries for Home, SAFE, throw made home Juan Vareas to second
|
Batting: RHB Alfonso Huertas
|
0-0: Called Strike 0-1: Ball 1-1: Called Strike 1-2: Ball 2-2: Ball 3-2: Foul Ball, location: 2F 3-2: Ground out 4-3 (Groundball, 4) Juan Vareas to third
|
Batting: SHB Tony McLaughlin
|
0-0: Called Strike 0-1: Ball 1-1: Swinging Strike 1-2: Fly out, F7 (Flyball, 78S)
|
Batting: RHB Juan Barrera
|
0-0: Called Strike 0-1: Ball 1-1: Fly out, F9 (Flyball, 9S)
|
Bottom of the 3rd over - 2 run(s), 3 hit(s), 0 error(s), 1 left on base; District 9 2 - Albuquerque 3 |
TOP OF THE 4TH |
District 9 Prawns batting - Pitching for Albuquerque Isotopes : RHP César De La Cruz
|
Batting: RHB Mal Snyder
|
0-0: Ball 1-0: SINGLE (Line Drive, 56)
|
Batting: SHB Mark Pope
|
0-0: Called Strike 0-1: Ball 1-1: Ball 2-1: Called Strike 2-2: Fly out, F7 (Flyball, 7S)
|
Batting: RHB Phil Jacobs
|
0-0: Called Strike 0-1: Ball 1-1: Ball 2-1: Foul Ball, location: 2F 2-2: Foul Ball, location: 2F 2-2: Foul Ball, location: 2F 2-2: Ground out 6-3 (Groundball, 6MS) Mal Snyder to second
|
Batting: RHB Enrique Aguilar
|
0-0: Ball 1-0: Swinging Strike 1-1: Ball 2-1: Foul Ball, location: 2F 2-2: Foul Ball, location: 2F 2-2: Foul Ball, location: 2F 2-2: Foul Ball, location: 2F 2-2: Strikes out swinging
|
Top of the 4th over - 0 run(s), 1 hit(s), 0 error(s), 1 left on base; District 9 2 - Albuquerque 3 |
BOTTOM OF THE 4TH |
Albuquerque Isotopes batting - Pitching for District 9 Prawns : RHP Eric Love
|
Batting: LHB Domingo Cardona
|
0-0: Foul Ball, location: 2F 0-1: Ball 1-1: Swinging Strike 1-2: TRIPLE (Line Drive, 9LS)
|
Batting: SHB Lee Townsend
|
0-0: SINGLE (Line Drive, 7LS) Domingo Cardona scores
|
Batting: RHB Edward Young
|
0-0: Ball 1-0: Ball 2-0: Called Strike 2-1: Ball 3-1: Foul Ball, location: 2F 3-2: Base on Balls Lee Townsend to second
|
Pitching: RHP Jayson Simms
|
|
Batting: LHB Juan Carlos Sánchez
|
0-0: Ball 1-0: Ball 2-0: Foul Ball, location: 2F 2-1: Ball 3-1: Base on Balls Lee Townsend to third Edward Young to second
|
Batting: LHB Mark Vestal
|
0-0: Ball 1-0: Ball 2-0: Called Strike 2-1: Ball 3-1: Swinging Strike 3-2: GRAND SLAM HOME RUN (Flyball, 8LXD), Distance : 416 ft
|
Batting: RHB Juan Vareas
|
0-0: Ball 1-0: Called Strike 1-1: Foul Ball, location: 2F 1-2: Ball 2-2: Strikes out swinging
|
Batting: RHB Alfonso Huertas
|
0-0: Called Strike 0-1: Ball 1-1: Foul Ball, location: 2F 1-2: DOUBLE (Line Drive, 9LS)
|
Batting: SHB Tony McLaughlin
|
0-0: Called Strike 0-1: Ball 1-1: Ball 2-1: Called Strike 2-2: Foul Ball, location: 2F 2-2: Ball 3-2: Base on Balls
|
Batting: RHB Juan Barrera
|
0-0: Ball 1-0: Called Strike 1-1: Ball 2-1: Called Strike 2-2: Fly out, F8 (Line Drive, 78D)
|
Batting: LHB Domingo Cardona
|
0-0: Ball 1-0: Ball 2-0: 3-RUN HOME RUN (Flyball, 9LD), Distance : 367 ft
|
Batting: SHB Lee Townsend
|
0-0: Called Strike 0-1: Ball 1-1: Foul Ball, location: 2F 1-2: Ball 2-2: Ball 3-2: Fly out, F8 (Line Drive, 8RM)
|
Bottom of the 4th over - 8 run(s), 5 hit(s), 0 error(s), 0 left on base; District 9 2 - Albuquerque 11 |
TOP OF THE 5TH |
District 9 Prawns batting - Pitching for Albuquerque Isotopes : RHP César De La Cruz
|
Batting: RHB Alfredo Cortéz
|
0-0: Called Strike 0-1: SINGLE (Groundball, 5L)
|
Batting: LHB Terry White
|
0-0: Called Strike 0-1: Ball 1-1: Ball 2-1: Swinging Strike 2-2: DOUBLE (Flyball, 89D) Alfredo Cortéz to third
|
Batting: LHB Ryan Hensley
|
0-0: Ball 1-0: Called Strike 1-1: Foul Ball, location: 2F 1-2: Ball 2-2: Strikes out swinging
|
Batting: LHB José Flores
|
0-0: Ball 1-0: Called Strike 1-1: Foul Ball, location: 2F 1-2: Strikes out swinging
|
Batting: RHB Jonah Duncan
|
0-0: Ball 1-0: Foul Ball, location: 2F 1-1: Fly out, F8 (Flyball, 8RD)
|
Top of the 5th over - 0 run(s), 2 hit(s), 0 error(s), 2 left on base; District 9 2 - Albuquerque 11 |
BOTTOM OF THE 5TH |
Albuquerque Isotopes batting - Pitching for District 9 Prawns : RHP Jayson Simms
|
Pitching: RHP Doug Adams
|
|
Batting: RHB Edward Young
|
0-0: Ball 1-0: Swinging Strike 1-1: Ball 2-1: Ball 3-1: Foul Ball, location: 2F 3-2: Base on Balls
|
Batting: LHB Juan Carlos Sánchez
|
0-0: Foul Ball, location: 2F 0-1: Ball 1-1: Ball 2-1: Ball Wild Pitch! Edward Young to second 3-1: Foul Ball, location: 2F 3-2: Foul Ball, location: 2F 3-2: Foul Ball, location: 2F 3-2: Base on Balls
|
Batting: LHB Mark Vestal
|
0-0: Ball 1-0: Ball 2-0: Ball 3-0: Base on Balls Edward Young to third Juan Carlos Sánchez to second
|
Batting: RHB Juan Vareas
|
0-0: Swinging Strike 0-1: Ball 1-1: Swinging Strike 1-2: Strikes out swinging
|
Batting: RHB Alfonso Huertas
|
0-0: Ball 1-0: Swinging Strike 1-1: Ball 2-1: SINGLE (Groundball, 15) (infield hit) Edward Young scores Juan Carlos Sánchez to third Mark Vestal to second
|
Batting: SHB Tony McLaughlin
|
0-0: DOUBLE (Line Drive, 7LM) Juan Carlos Sánchez scores Mark Vestal scores Alfonso Huertas to third
|
Pitching: RHP Gerard Allen
|
|
Batting: RHB Juan Barrera
|
0-0: SINGLE (Line Drive, 6MD) Alfonso Huertas scores Tony McLaughlin to third Runner from 3rd tries for Home, SAFE, no throw or cutoff
|
Batting: LHB Domingo Cardona
|
0-0: Called Strike 0-1: Ball 1-1: Called Strike 1-2: Ball 2-2: Ball 3-2: Foul Ball, location: 2F 3-2: Foul Ball, location: 2F 3-2: Foul Ball, location: 2F 3-2: Foul Ball, location: 2F 3-2: Strikes out swinging
|
Batting: SHB Lee Townsend
|
0-0: Fly out, F7 (Flyball, 7M)
|
Bottom of the 5th over - 5 run(s), 3 hit(s), 0 error(s), 1 left on base; District 9 2 - Albuquerque 16 |
TOP OF THE 6TH |
District 9 Prawns batting - Pitching for Albuquerque Isotopes : RHP César De La Cruz
|
Batting: RHB Mal Snyder
|
0-0: Called Strike 0-1: Called Strike 0-2: Ball 1-2: Strikes out looking
|
Batting: SHB Mark Pope
|
0-0: Ball 1-0: Ball 2-0: Called Strike 2-1: Ground out 4-3 (Groundball, 4)
|
Pinch Hitting: RHB Eduardo García
|
0-0: Foul Ball, location: 2F 0-1: Swinging Strike 0-2: Foul Ball, location: 2F 0-2: Ball 1-2: Ball 2-2: Ground out 4-3 (Groundball, 4)
|
Top of the 6th over - 0 run(s), 0 hit(s), 0 error(s), 0 left on base; District 9 2 - Albuquerque 16 |
BOTTOM OF THE 6TH |
Albuquerque Isotopes batting - Pitching for District 9 Prawns : RHP Gerard Allen
|
Now in CF: Eduardo García
|
|
Batting: RHB Edward Young
|
0-0: Ball 1-0: Ball 2-0: Ball 3-0: Base on Balls
|
Batting: LHB Juan Carlos Sánchez
|
0-0: Called Strike 0-1: Swinging Strike 0-2: Strikes out looking
|
Batting: LHB Mark Vestal
|
0-0: Ball 1-0: Ball 2-0: Called Strike 2-1: Fly out, F5 (Line Drive, 5)
|
Batting: RHB Juan Vareas
|
0-0: Called Strike 0-1: Swinging Strike 0-2: Foul Ball, location: 2F 0-2: Foul Ball, location: 2F 0-2: DOUBLE (Line Drive, 9LD) Edward Young to third Runner from 3rd tries for Home, SAFE, no throw or cutoff
|
Batting: RHB Alfonso Huertas
|
0-0: Ball 1-0: Called Strike 1-1: Ball 2-1: Foul Ball, location: 2F 2-2: Ground out 5-3 (Groundball, 56)
|
Bottom of the 6th over - 1 run(s), 1 hit(s), 0 error(s), 1 left on base; District 9 2 - Albuquerque 17 |
TOP OF THE 7TH |
District 9 Prawns batting - Pitching for Albuquerque Isotopes : RHP César De La Cruz
|
Batting: RHB Enrique Aguilar
|
0-0: Swinging Strike 0-1: Foul Ball, location: 2F 0-2: Ball 1-2: Ball 2-2: Fly out, F7 (Flyball, 7D)
|
Pitching: RHP Diego Chávez
|
|
Batting: RHB Alfredo Cortéz
|
0-0: Foul Ball, location: 2F 0-1: Foul Ball, location: 2F 0-2: Foul Ball, location: 2F 0-2: Ground out 4-3 (Groundball, 4)
|
Batting: LHB Terry White
|
0-0: Ball 1-0: Ball 2-0: Called Strike 2-1: Foul Ball, location: 2F 2-2: Ball 3-2: Strikes out swinging
|
Top of the 7th over - 0 run(s), 0 hit(s), 0 error(s), 0 left on base; District 9 2 - Albuquerque 17 |
BOTTOM OF THE 7TH |
Albuquerque Isotopes batting - Pitching for District 9 Prawns : RHP Gerard Allen
|
Batting: SHB Tony McLaughlin
|
0-0: Foul Ball, location: 2F 0-1: Ball 1-1: Ball 2-1: Ball 3-1: Fly out, F7 (Flyball, 7S)
|
Pitching: RHP César Rúbio
|
|
Batting: RHB Juan Barrera
|
0-0: Ball 1-0: Called Strike 1-1: Ball 2-1: Called Strike 2-2: Ball 3-2: Foul Ball, location: 2F 3-2: Ground out 5-3 (Groundball, 56S)
|
Batting: LHB Domingo Cardona
|
0-0: Foul Ball, location: 2F 0-1: Reached on error, E6 (Groundball, 6)
|
Batting: SHB Lee Townsend
|
0-0: Ball 1-0: 2-RUN HOME RUN (Flyball, 89XD), Distance : 408 ft
|
Batting: RHB Edward Young
|
0-0: Swinging Strike 0-1: Swinging Strike 0-2: Ball 1-2: Ball 2-2: Foul Ball, location: 2F 2-2: Strikes out swinging
|
Bottom of the 7th over - 2 run(s), 1 hit(s), 1 error(s), 0 left on base; District 9 2 - Albuquerque 19 |
TOP OF THE 8TH |
District 9 Prawns batting - Pitching for Albuquerque Isotopes : RHP Diego Chávez
|
Now at 3B: Donald Camp
|
|
Now in CF: Roberto Pérez
|
|
Pinch Hitting: SHB Tommy Bourassa
|
0-0: Called Strike 0-1: Ball 1-1: Foul Ball, location: 2F 1-2: Ball 2-2: Strikes out looking
|
Batting: LHB José Flores
|
0-0: Called Strike 0-1: Swinging Strike 0-2: Ball 1-2: Strikes out swinging
|
Batting: RHB Jonah Duncan
|
0-0: Ground out 3-1 (Groundball, 3)
|
Top of the 8th over - 0 run(s), 0 hit(s), 0 error(s), 0 left on base; District 9 2 - Albuquerque 19 |
BOTTOM OF THE 8TH |
Albuquerque Isotopes batting - Pitching for District 9 Prawns : RHP César Rúbio
|
Now at 1B: Tommy Bourassa
|
|
Batting: LHB Juan Carlos Sánchez
|
0-0: Ball 1-0: Called Strike 1-1: Swinging Strike 1-2: Ball 2-2: Foul Ball, location: 2F 2-2: Foul Ball, location: 2F 2-2: Strikes out swinging
|
Pinch Hitting: LHB Fernando Ortíz
|
0-0: Called Strike 0-1: Swinging Strike 0-2: Strikes out swinging
|
Batting: RHB Juan Vareas
|
0-0: Ball 1-0: Called Strike 1-1: Called Strike 1-2: Ball 2-2: Ground out 5-3 (Groundball, 5L)
|
Bottom of the 8th over - 0 run(s), 0 hit(s), 0 error(s), 0 left on base; District 9 2 - Albuquerque 19 |
TOP OF THE 9TH |
District 9 Prawns batting - Pitching for Albuquerque Isotopes : RHP Diego Chávez
|
Now at 2B: Jorge Ramírez
|
|
Now in RF: Fernando Ortíz
|
|
Batting: RHB Mal Snyder
|
0-0: Ball 1-0: Called Strike 1-1: Swinging Strike 1-2: Ball 2-2: Foul Ball, location: 2F 2-2: Ball 3-2: Base on Balls
|
Batting: SHB Mark Pope
|
0-0: Ball 1-0: Swinging Strike 1-1: Foul Ball, location: 2F 1-2: Ball 2-2: Ball 3-2: Base on Balls Mal Snyder to second
|
Batting: RHB Eduardo García
|
0-0: Called Strike 0-1: Grounds into double play, 6-4-3 (Groundball, 6) Mal Snyder to third
|
Batting: RHB Enrique Aguilar
|
0-0: Called Strike 0-1: Ball 1-1: Swinging Strike 1-2: Ball 2-2: Foul Ball, location: 2F 2-2: Foul Ball, location: 2F 2-2: Foul Ball, location: 2F 2-2: Fly out, F9 (Flyball, 9S)
|
Top of the 9th over - 0 run(s), 0 hit(s), 0 error(s), 1 left on base; District 9 2 - Albuquerque 19 |
|